 Dungeon Crawl Stone Soup version 0.25-a0-942-g87a53962fc (webtiles) character file.

Game seed: 13215320468971269126, levelgen mode: deterministic

112 MisterFreud the Slasher (level 4, 0/33 HPs)
             Began as an Octopode Gladiator on May 7, 2020.
             Slain by an orc
             ... wielding a +1 whip of venom
              (5 damage)
             ... on level 3 of the Dungeon.
             The game lasted 00:02:33 (3100 turns).

MisterFreud the Slasher (Octopode Gladiator)        Turns: 3100, Time: 00:02:35

Health: 0/33       AC:  1    Str: 13    XL:     4   Next: 93%
Magic:  4/4        EV: 14    Int: 11    God:
Gold:   125        SH:  0    Dex: 13    Spells: 3/3 levels left

rFire    . . .     SeeInvis +   a - +0 long sword
rCold    . . .     Gourm    .   (no shield)
rNeg     . . .     Faith    .   b - +0 hat
rPois    .         Spirit   .   (no amulet)
rElec    .         Reflect  .   h - ring of see invisible
rCorr    .         Harm     .   (no ring)
MR       .....                  (no ring)
Stlth    ++........             (no ring)
HPRegen  0.11/turn              (no ring)
MPRegen  0.09/turn              (no ring)
                                (no ring)
                                (no ring)

@: no status effects
A: almost no armour, stealthy swim, amphibious, 8 rings, constrict 8, camouflage
1, gelatinous body 1
a: no special abilities


You were on level 3 of the Dungeon.
You were not hungry.

You visited 1 branch of the dungeon, and saw 4 of its levels.

You collected 125 gold pieces.

Inventory:

Hand Weapons
 a - a +0 long sword (weapon)
Missiles
 c - 3 throwing nets (quivered)
 j - 8 silver javelins
 k - 68 bolts
 l - 13 poisoned darts
 m - 33 arrows
 o - 14 stones
Armour
 b - a +0 hat (worn)
Jewellery
 h - a ring of see invisible (left tentacle)
Scrolls
 g - a scroll of identify {unknown}
 i - 3 scrolls of teleportation {unknown}
Potions
 e - a potion of resistance {unknown}
 f - a potion of haste {unknown}
 n - 2 potions of ambrosia {unknown}
Comestibles
 d - 7 rations
 p - 2 chunks of flesh


   Skills:
 - Level 4.0 Fighting
 + Level 4.1 Long Blades
 - Level 2.0 Throwing
 - Level 3.0 Dodging


You had 3 spell levels left.
You didn't know any spells.
Your spell library was empty.

Dungeon Overview and Level Annotations

Branches:
Dungeon (4/15)
 Temple: D:4-7

Altars:


Innate Abilities, Weirdness & Mutations

You cannot wear most types of armour.
You are very stealthy in the water. (Stealth+)
You are amphibious.
You can wear up to eight rings at the same time.
You can use your tentacles to constrict eight enemies at once.
Your skin changes colour to match your surroundings (Stealth+).
Your rubbery body absorbs attacks. (AC +1, EV +1)


Message History

The orc hits you with a +0 hand axe. The orc misses you.
You riposte.
You hit the orc but do no damage. You grab the orc.
You are too injured to fight recklessly!
You are too injured to fight recklessly!
Unknown command.
You closely miss the orc. Your grab misses the orc.
Your squeeze misses the orc. You constrict the orc.
You kill the orc!
You constrict the orc, but do no damage.
The orc barely misses you.
The orc hits you with a +1 whip of venom.
* * * LOW HITPOINT WARNING * * *
The orc misses you.
You riposte.
You hit the orc but do no damage. You hit the orc. You grab the orc.
You squeeze the orc.
The orc is severely wounded.
You constrict the orc.
You constrict the orc, but do no damage.
The orc barely misses you.
The orc hits you with a +1 whip of venom.
You die...

....#
#.............
#####
+.............
#.............
#..........###
#..........#
#..........#
###.########
#.######.#
#...o@...#
......oo(..#
##########.#
..# ###


You could see 3 orcs.

Vanquished Creatures
  A gnoll (D:3)
  3 adders (D:2)
  An ooze (D:1)
  2 worms (D:2)
  2 leopard geckos
  3 orcs
  6 bats
  3 giant cockroaches
  9 goblins
  8 hobgoblins
  3 jackals (D:2)
  4 kobolds
  A quokka (D:2)
  3 frilled lizards
  8 rats
57 creatures vanquished.

Notes
Turn   | Place    | Note
-------+----------+-------------------------------------------
     0 | D:1      | MisterFreud the Octopode Gladiator began the quest for the
                  | Orb.
     0 | D:1      | Reached XP level 1. HP: 14/14 MP: 1/1
    95 | D:1      | Reached XP level 2. HP: 20/20 MP: 2/2
  1138 | D:2      | Reached XP level 3. HP: 23/26 MP: 3/3
  1566 | D:2      | Reached XP level 4. HP: 19/33 MP: 4/4
  2150 | D:2      | Found a faded altar of an unknown god.
  3100 | D:3      | Slain by an orc

Levels and vault maps discovered:
D:1:      eino_arrival_tree_alley, layout_basic, minivault_25, minmay_tripent
D:2:      layout_basic, first_ration, chequers_ecumenical_altar_simple_redux,
          kennysheep_generic_room_8
D:3:      layout_basic, lemuel_blue_sif_altar, uniq_terence
D:4:      layout_basic, minmay_temple_entry_slanted

Skill      XL: |  1  2  3  4 |
---------------+-------------+-----
Fighting       | 3 4 |  4.0
Long Blades    | 4 |  4.1
Throwing       | |  2.0
Dodging        | |  3.0

Action                   |  1- 3 |  4- 6 || total
-------------------------+-------+-------++-------
Melee: Long sword        |    43 |    56 ||    99
       Constrict         |    12 |    18 ||    30
       Tentacles         |     7 |    14 ||    21
  Use: Scroll            |     1 |       ||     1
 Stab: Sleeping          |     6 |     4 ||    10
       Distracted        |       |     1 ||     1
  Eat: Chunk             |     2 |     5 ||     7
Armor: Skin              |     4 |     4 ||     8
Dodge: Dodged            |    26 |    39 ||    65
       Rpst.: Long sword |     4 |    11 ||    15

Table legend:
 A = Non-vault XP
 B = Vault XP
 C = Vault XP percentage of total XP
 D = Non-vault monster count
 E = Vault monster count
 F = Vault count percentage of total count
                 A         B        C        D         E       F
            +---------+---------+-------+---------+---------+-------
      Total |     152 |       8 |   5.0 |      54 |       3 |   5.3
            +---------+---------+-------+---------+---------+-------
        D:1 |      29 |       3 |   9.4 |      14 |       2 |  12.5
        D:2 |      77 |       5 |   6.1 |      23 |       1 |   4.2
        D:3 |      46 |       0 |   0.0 |      17 |       0 |   0.0
            +---------+---------+-------+---------+---------+-------
